AoeStats
← Bosco De Gama

Arabia

510126952Analyzed
1v1 RM · 2d ago on Sep 29, 2026· 50m 50s· 2 players
Game mode
Random Map
Map size
Tiny (2 player)
Population
200
Speed
Normal
Resources
Standard
Victory
Conquest
Starting age
Dark Age
Ending age
Imperial Age
RankedLock teamsTeams togetherTeam positionsShared explorationLock speedFull tech treeHidden civsTurbo modeCheats
Victory
Defeat
🇬🇧 Magyars · United Kingdom
1182
+16
🇪🇸 Turks · Spain
1178
-16
Bosco De Gama
2:38 Loom
9:53 Feudal Age
11:11 Double-Bit Axe
17:01 Wheelbarrow
16:56 Horse Collar
21:20 Castle Age
20:19 Gold Mining
21:02 Forging
20:57 Scale Mail Armor
27:16 Fletching
29:14 Heavy Plow
31:37 Ballistics
32:54 Hand Cart
42:24 Imperial Age
40:19 Bodkin Arrow
41:35 Thumb Ring
41:43 Town Watch
42:16 Padded Archer Armor
43:42 Conscription
44:04 Bracer
45:03 Elite Janissary
NICH
8:43 Feudal Age
9:19 Double-Bit Axe
9:23 Horse Collar
11:58 Loom
19:56 Castle Age
18:13 Scale Barding Armor
18:28 Gold Mining
20:29 Bloodlines
20:59 Husbandry
25:31 Heavy Plow
26:16 Chain Barding Armor
31:57 Wheelbarrow
34:46 Imperial Age
32:42 Ballistics
32:25 Fletching
32:36 Padded Archer Armor
32:55 Thumb Ring
33:27 Bow Saw
33:08 Stone Mining
33:42 Bodkin Arrow
34:54 Leather Archer Armor
35:33 Bracer
36:35 Chemistry
36:03 Parthian Tactics
36:51 Ring Archer Armor
36:51 Conscription
36:36 Recurve Bow
37:34 Hand Cart
37:04 Town Watch
38:43 Conscription
41:19 Gold Shaft Mining
40:30 Elite Skirmisher
42:46 Siege Engineers
44:33 Two-Man Saw
45:16 Crop Rotation
45:04 Masonry
44:23 Elite Magyar Huszar
45:26 Corvinian Army
46:04 Plate Barding Armor
46:08 Town Patrol
48:57 Treadmill Crane
49:13 Murder Holes
Connection lost

Rejoining the realm…

Still unreachable

The connection could not be restored.

Session expired

The server has moved on; the page needs a fresh start.